 Dungeon Crawl Stone Soup version 0.25.1-2-g60ff931df9 (webtiles) character file.

Game seed: 1070913950654579771

2685 KyoPewz the Basher (level 9, -6/98 HPs)
             Began as an Ogre Berserker on Oct 5, 2020.
             Was a Priest of Trog.
             Mangled by a spriggan baker
             ... wielding a +0 dagger
              (13 damage)
             ... on level 7 of the Dungeon.
             The game lasted 00:19:13 (9818 turns).

KyoPewz the Basher (Ogre Berserker)                 Turns: 9818, Time: 00:19:14

Health: -6/98      AC:  3    Str: 26    XL:     9   Next: 64%
Magic:  9/9        EV: 10    Int:  8    God:    Trog [***...]
Gold:   350        SH:  5    Dex:  8    Spells: 8/8 levels left

rFire    . . .     SeeInvis .   a - +0 giant club
rCold    . . .     Gourm    .   (shield currently unavailable)
rNeg     . . .     Faith    .   k - +0 animal skin
rPois    .         Spirit   .   (helmet restricted)
rElec    .         Reflect  +   (no cloak)
rCorr    .         Harm     .   (gloves unavailable)
MR       ++...                  (boots unavailable)
Stlth    +.........             d - amulet of reflection
HPRegen  1.26/turn              (no ring)
MPRegen  0.11/turn              (no ring)

@: berserk cooldown, starving, regenerating
A: large, unfitting armour, tough skin 1
a: Berserk, Trog's Hand, Renounce Religion


You were on level 7 of the Dungeon.
You worshipped Trog.
Trog was most pleased with you.
You were starving.

You visited 1 branch of the dungeon, and saw 7 of its levels.

You collected 350 gold pieces.

Inventory:

Hand Weapons
 a - a +0 giant club (weapon)
   (You took it off an ogre on level 4 of the Dungeon)
 b - a +1 flail of holy wrath
   (You took it off Edmund on level 4 of the Dungeon)
 j - a +0 flail of venom
   (You took it off an orc on level 3 of the Dungeon)
 r - a +0 mace
Armour
 k - a +0 animal skin (worn)
 q - a scarf of harm
   (You found it on level 3 of the Dungeon)
 y - the cursed +1 robe "Tedec" {rPois MR+ Int+3, unknown}
   (You found it on level 5 of the Dungeon)

   It affects your intelligence (+3).
   It protects you from poison.
   It affects your resistance to hostile enchantments.
   It has a curse placed upon it.
Jewellery
 d - an amulet of reflection (around neck)
   (You found it on level 1 of the Dungeon)
 u - an uncursed amulet of the acrobat {unknown}
   (You found it on level 5 of the Dungeon)
 v - a +6 ring of intelligence {unknown}
   (You found it on level 5 of the Dungeon)
Wands
 x - a wand of acid (8)
   (You found it on level 5 of the Dungeon)
Scrolls
 i - a scroll of noise {!r}
 l - 2 scrolls of fear
 s - a scroll of remove curse {@r2}
 t - 3 scrolls of teleportation {unknown}
 z - a scroll of enchant armour {unknown}
 A - a scroll of amnesia {unknown}
 E - a scroll of brand weapon {unknown}
 F - a scroll of identify {@r1}
Potions
 c - a potion of brilliance {unknown}
 f - 2 potions of curing {@q1}
 g - 2 potions of degeneration {!q}
 h - 2 potions of haste {unknown}
 m - 4 potions of stabbing {unknown}
 o - 2 potions of flight {unknown}
 p - 2 potions of magic
 w - a potion of berserk rage {unknown}
 B - a potion of lignification {unknown}
 C - a potion of might {unknown}
Comestibles
 e - 10 rations {!d}


   Skills:
 - Level 9.0 Fighting
 * Level 10.7 Maces & Flails
 - Level 2.6 Dodging


You had 8 spell levels left.
You didn't know any spells.
Your spell library was empty.

Dungeon Overview and Level Annotations

Branches:
Dungeon (7/15)             Temple (0/1) D:5

Altars:
Elyvilon
Fedhas
Gozag
Kikubaaqudgha
Makhleb
Okawaru
Qazlal
Ru
Sif Muna
Trog
Wu Jian
Xom
The Shining One

Shops:
D:3 *


Innate Abilities, Weirdness & Mutations

You are too large for most types of armour.
You have tough skin. (AC +1)


Message History

The spriggan baker hits you with a +0 dagger.
* * * LOW HITPOINT WARNING * * *
You feel much better. The spriggan baker barely misses you.
You closely miss the spriggan baker.
The spriggan baker hits you with a +0 dagger.
* * * LOW HITPOINT WARNING * * *
The spriggan baker closely misses you.
You barely miss the spriggan baker. The spriggan baker barely misses you.
You miss the spriggan baker.
You feel the effects of Trog's Hand fading.
The spriggan baker hits you with a +0 dagger!
* * * LOW HITPOINT WARNING * * *
The spriggan baker completely misses you.
You bludgeon the spriggan baker!!
The spriggan baker hits you with a +0 dagger!
* * * LOW HITPOINT WARNING * * *
The spriggan baker barely misses you.
You closely miss the spriggan baker.
The spriggan baker completely misses you.
You barely miss the spriggan baker.
Your skin stops crawling.
You feel less resistant to hostile enchantments.
You block the spriggan baker's attack.
The spriggan baker hits you with a +0 dagger.
* * * LOW HITPOINT WARNING * * *
Your skin crawls.
You feel resistant to hostile enchantments.
You are starving!
You block the spriggan baker's attack.
The spriggan baker hits you with a +0 dagger!
* * * LOW HITPOINT WARNING * * *
You barely miss the spriggan baker. The spriggan baker closely misses you.
You miss the spriggan baker.
The spriggan baker hits you but does no damage.
The spriggan baker hits you with a +0 dagger.
* * * LOW HITPOINT WARNING * * *
You miss the spriggan baker.
You feel yourself speed up.
The spriggan baker hits you with a +0 dagger.
* * * LOW HITPOINT WARNING * * *
Here: a spriggan baker, wielding a +0 dagger and wearing a +0 robe (almost dead)
An open door, spattered with blood.
You barely miss the spriggan baker.
The spriggan baker hits you with a +0 dagger.
* * * LOW HITPOINT WARNING * * *
You barely miss the spriggan baker.
The spriggan baker hits you with a +0 dagger.
* * * LOW HITPOINT WARNING * * *
The spriggan baker hits you with a +0 dagger!
You die...

#.......####### #...# ####.##.#
##### #####.##.############ ###
....................# +.#
.##.#.#.#####..####.### #.####
.##.#.....###..#......#####....##
...)#.#.#........##.###......#.##
'#......#####....##.# #....<.#.##
.#..#.### #..#@##.# ###.##.....
.##...# #..#i#### #.####.##
.##..## #..#.. #.####.## .###.##
#..#.## #......## .# #..# #..#%%
#.####### .####.#######..########
#..# #.
#.###..#..............####.# ###.
##.###...................#># #...
##.##...>............##...# #.#.


You could see a spriggan baker.

Vanquished Creatures
  Menkaure (D:4)
  Edmund (D:4)
  A water moccasin (D:5)
  Duvessa (D:4)
  An ice beast (D:5)
  3 orc warriors
  3 ogres
  4 phantoms
  A black bear (D:7)
  A necrophage (D:7)
  A centaur (D:7)
  3 bullfrogs (D:6)
  Dowan (D:4)
  2 water moccasin zombies
  A bullfrog zombie (D:7)
  4 orc wizards
  2 hounds
  3 orc priests
  2 bullfrog skeletons
  2 iguanas
  3 worker ants
  5 adders
  A shadow imp (D:5)
  An ooze (D:3)
  2 adder skeletons
  3 adder zombies
  A worm (D:2)
  A dart slug (D:1)
  2 leopard geckos
  22 orcs
  4 ball pythons
  7 bats
  5 giant cockroaches
  6 goblins
  9 hobgoblins
  10 jackals
  2 quokkas (D:5)
  4 frilled lizards
  2 giant cockroach zombies
  4 kobolds
  2 leopard gecko skeletons
  A quokka skeleton (D:6)
  17 rats
152 creatures vanquished.

Vanquished Creatures (others)
  A quokka (D:3)
1 creature vanquished.

Grand Total: 153 creatures vanquished

Notes
Turn   | Place    | Note
-------+----------+-------------------------------------------
     0 | D:1      | KyoPewz the Ogre Berserker began the quest for the Orb.
     0 | D:1      | Reached XP level 1. HP: 24/24 MP: 1/1
   301 | D:1      | Reached skill level 3 in Maces & Flails
   303 | D:1      | Reached XP level 2. HP: 25/32 MP: 2/2
  1271 | D:2      | Reached XP level 3. HP: 38/40 MP: 3/3
  1665 | D:2      | Reached ** piety under Trog
  1880 | D:2      | Found a blossoming altar of Fedhas.
  2727 | D:3      | Reached XP level 4. HP: 39/49 MP: 4/4
  2820 | D:3      | Reached skill level 5 in Fighting
  2820 | D:3      | Reached skill level 4 in Maces & Flails
  2859 | D:3      | Noticed a moth of wrath
  3046 | D:3      | Found a bloodstained altar of Trog.
  3144 | D:3      | Reached XP level 5. HP: 7/57 MP: 5/5
  3431 | D:3      | Found an iron altar of Okawaru.
  3527 | D:3      | Found an opulent altar of Gozag.
  3529 | D:3      | Found Gozag's Platinum Reserve.
  3783 | D:3      | Found a glowing golden altar of the Shining One.
  3862 | D:4      | Noticed a phantom
  3863 | D:4      | Noticed a phantom
  4103 | D:3      | Killed a phantom
  4103 | D:3      | Reached skill level 5 in Maces & Flails
  4103 | D:3      | Reached XP level 6. HP: 26/67 MP: 6/6
  4644 | D:4      | Noticed an orc warrior
  4657 | D:4      | Noticed Edmund
  4667 | D:4      | Killed an orc warrior
  4681 | D:4      | Killed Edmund
  4681 | D:4      | Reached skill level 6 in Maces & Flails
  4681 | D:4      | Reached XP level 7. HP: 37/76 MP: 7/7
  4889 | D:4      | Noticed Dowan
  5030 | D:4      | Noticed Duvessa
  5039 | D:4      | Killed Duvessa
  5060 | D:4      | Killed Dowan
  5248 | D:4      | Reached skill level 7 in Maces & Flails
  5504 | D:4      | Noticed Menkaure
  5527 | D:4      | Killed Menkaure
  5527 | D:4      | Reached XP level 8. HP: 7/88 MP: 8/8
  6474 | D:4      | Found a shimmering blue altar of Sif Muna.
  6474 | D:4      | Found an ancient bone altar of Kikubaaqudgha.
  6475 | D:4      | Found a glowing golden altar of the Shining One.
  6558 | D:5      | Entered Level 5 of the Dungeon
  6608 | D:5      | Reached skill level 8 in Maces & Flails
  6720 | D:5      | Found an ornate altar of the Wu Jian Council.
  6720 | D:5      | Found a white marble altar of Elyvilon.
  6756 | D:5      | Found a shimmering altar of Xom.
  6884 | D:5      | Found a staircase to the Ecumenical Temple.
  6974 | D:5      | Found a sacrificial altar of Ru.
  6977 | D:5      | Reached *** piety under Trog
  7039 | D:5      | Found a burning altar of Makhleb.
  7258 | D:5      | Got a steaming robe
  7607 | D:6      | Reached skill level 9 in Maces & Flails
  7607 | D:6      | Reached XP level 9. HP: 96/98 MP: 9/9
  8689 | D:7      | Reached skill level 10 in Maces & Flails
  8742 | D:7      | Found a stormy altar of Qazlal.
  9818 | D:7      | Mangled by a spriggan baker

Illustrated notes

Levels and vault maps discovered:
D:1:      saegor_arrival_fortress, layout_basic, kennysheep_crisscross
D:2:      layout_basic, fedhas_altar_fruit_tree
D:3:      layout_basic, nicolae_gozag_zags_fifth_avenue, tgw_trog,
          okawaru_ov_weapons_minmay, first_ration, tso_altar
D:4:      layout_rooms, gammafunk_temple_overflow_claw, hangedman_decor_growths,
          uniq_menkaure, uniq_edmund, uniq_duvessa
D:5:      layout_cave_pools, lemuel_crystal_altar,
          nicolae_ru_great_annihilating_truth, gammafunk_temple_overflow_statue,
          minmay_temple_entry_gardened_gates, serial_column_ruins,
          column_ruins_temple_circle, column_ruins_open_small_water,
          column_ruins_columns_corner, column_ruins_open_tiny,
          column_ruins_open_medium
D:6:      layout_loops_corners, hangedman_decor_lopped
D:7:      minmay_the_grid_triangle_9x9_recursive_2
          [minmay_the_grid_triangle_9x9_prize_special,
          minmay_the_grid_triangle_9x9_dagger,
          minmay_the_grid_triangle_9x9_impossible_snake,
          minmay_the_grid_triangle_9x9_minimal], layout_loops_cross,
          grunt_dithmenos_shadows, nicolae_qazlal_general_emergency, the_bakery

Skill      XL: |  1  2  3  4  5  6  7  8  9 |
---------------+----------------------------+-----
Maces & Flails | 3 4 5 6 7 9 10 | 10.7
Fighting       | 5 6 7 9 |  9.0
Dodging        | |  2.6

Action                   |  1- 3 |  4- 6 |  7- 9 || total
-------------------------+-------+-------+-------++-------
Melee: Mace              |   148 |    61 |       ||   209
       Flail             |       |    94 |    63 ||   157
       Giant club        |       |       |   220 ||   220
Invok: Berserk           |       |     4 |     4 ||     8
       Trog's Hand       |       |     4 |     3 ||     7
  Use: Scroll            |       |     8 |       ||     8
       Potion            |       |       |     2 ||     2
 Stab: Paralysed         |       |       |     1 ||     1
  Eat: Chunk             |     6 |     4 |    19 ||    29
       Ration            |       |     2 |       ||     2
Armor: Animal skin       |    57 |    34 |    30 ||   121
Dodge: Dodged            |    84 |    81 |   113 ||   278
Block: Other             |       |       |    46 ||    46
       Reflection        |       |       |     2 ||     2
